 Dungeon Crawl Stone Soup version 0.30-a0-652-gcc886f7154 (webtiles) character file.

Game seed: 16960161935925782869

1791668 rigao the Metallomancer (level 27, 199/199 HPs)
             Began as a Gargoyle Summoner on Jan 14, 2023.
             Was the Champion of Ashenzari.
             Escaped with the Orb
             ... and 4 runes on Jan 17, 2023!
             The game lasted 04:06:10 (117298 turns).

rigao the Metallomancer (Gargoyle Summoner)       Turns: 117298, Time: 04:06:10

Health: 199/199    AC: 45    Str: 11    XL:     27
Magic:  5/61       EV: 23    Int: 30    God:    Ashenzari [******]
Gold:   6636       SH: 20    Dex: 17    Spells: 22/77 levels left

rFire   + + .      SeeInvis +    S - +3 demon whip of the Fated Boredom {freeze, Fragile rPois Will+ SInv, Fort, Self} (curse)
rCold   + + .      Faith    .    L - +0 kite shield "Behold Eternity" {Self, Elem} (curse)
rNeg    + + +      Spirit   .    F - +6 acid dragon scales of the Sibylline Welkin {rCorr, Fort, Self} (curse)
rPois   ∞          Reflect  +    f - +2 hood of the Assassin {Detect Stab+ Stlth++, Self, Comp} (curse)
rElec   +          Harm     .    A - scarf "Chained Altruism" {rC+ rF+, Self, Comp} (curse)
rCorr   +          Rampage  .    T - +1 pair of gloves "Mistrust of Ashenzari" {Comp, Cun} (curse)
Will    +++..      Clarity  +    p - +0 pair of boots "Omission of Ashenzari" {rElec Regen+ Int+3, Elem, Self} (curse)
Stlth   ++                       K - amulet of Supernal Wisdom {Reflect SH+5, Evo, Bglg} (curse)
HPRegen 1.33/turn                g - ring of the Wild Blue Yonder {Fly rF+ rC+ Dex+3, Comp, Evo} (curse)
MPRegen 0.37/turn                Y - ring of Ashenzari's Prison {rN++ MP+9 Str-4 Dex+4, Bglg, Elem} (curse)

@: flying, studying Unarmed Combat
A: sickness immunity, AC +20, big wings, negative energy resistance 1,
electricity resistance, torment resistance 1, petrification resistance, mutation
resistance 1
0: Orb of Zot
}: 4/15 runes: barnacled, slimy, silver, gossamer
a: Renounce Religion, Shatter the Chains


You escaped.
You worshipped Ashenzari.
Ashenzari was exalted by your worship.
You visited 13 branches of the dungeon, and saw 57 of its levels.
You visited 1 bazaar.
You also visited: Trove, Ossuary, Gauntlet and Ice Cave.

You collected 9315 gold pieces.
You spent 2679 gold pieces at shops.

Inventory:

Hand Weapons
 M - a +9 demon whip of electrocution
 S - the cursed +3 demon whip of the Fated Boredom (weapon) {freeze, Fragile rPois Will+ SInv, Fort, Self}
   (You found it on level 11 of the Dungeon)

   rPois:     It protects you from poison.
   SInv:      It lets you see invisible.
   Fragile:   It will be destroyed if unequipped.
   Will:      It increases your willpower.
   It has a curse which improves the following skills: Fortitude: Armour and
   Shields.
   Introspection: Fighting and Spellcasting.
Armour
 f - the cursed +2 hood of the Assassin (worn) {Detect Stab+ Stlth++, Self, Comp}
   (You found it on level 3 of the Elven Halls)

   Detect:    It allows the wearer to sense nearby creatures.
   Stab+:     It allows the wearer to make particularly effective stabbing
   attacks against helpless or unaware enemies with any weapon.
   Stlth:     It makes you much more stealthy.
   It has a curse which improves the following skills: Introspection: Fighting
   and Spellcasting.
   Companions: Summonings and Necromancy.
 p - the cursed +0 pair of boots "Omission of Ashenzari" (worn) {rElec Regen+ Int+3, Elem, Self}
   (You found it in a Gauntlet)

   Int:       It affects your intelligence (+3).
   rElec:     It insulates you from electricity.
   Regen:     It increases your rate of health regeneration.
   It has a curse which improves the following skills: Elements: Fire Magic, Ice
   Magic, Air Magic and Earth Magic.
   Introspection: Fighting and Spellcasting.
 A - the cursed scarf "Chained Altruism" (worn) {rC+ rF+, Self, Comp}
   (You found it in a Gauntlet)

   It has a curse which improves the following skills: Introspection: Fighting
   and Spellcasting.
   Companions: Summonings and Necromancy.
 F - the cursed +6 acid dragon scales of the Sibylline Welkin (worn) {rCorr, Fort, Self}
   (You found it on level 11 of the Dungeon)

   rCorr:     It protects you from acid and corrosion.
   It has a curse which improves the following skills: Fortitude: Armour and
   Shields.
   Introspection: Fighting and Spellcasting.
 L - the cursed +0 kite shield "Behold Eternity" (worn) {Self, Elem}
   (You found it on level 3 of the Lair of Beasts)

   It has a curse which improves the following skills: Introspection: Fighting
   and Spellcasting.
   Elements:  Fire Magic, Ice Magic, Air Magic and Earth Magic.
 T - the cursed +1 pair of gloves "Mistrust of Ashenzari" (worn) {Comp, Cun}
   (You found it on level 2 of the Elven Halls)

   It has a curse which improves the following skills: Companions: Summonings
   and Necromancy.
   Cunning:   Dodging and Stealth.
Magical Staves
 y - a staff of earth
Jewellery
 b - the ring "Ytygruru" {EV+5 Int+2}
   (You found it on level 3 of the Crypt)

   [ring of evasion]

   EV:        It affects your evasion (+5).
   Int:       It affects your intelligence (+2).
 g - the cursed ring of the Wild Blue Yonder (left hand) {Fly rF+ rC+ Dex+3, Comp, Evo}
   (You bought it in a shop on level 3 of the Elven Halls)

   [ring of protection from cold]

   Dex:       It affects your dexterity (+3).
   rF:        It protects you from fire.
   rC:        It protects you from cold.
   Fly:       It grants you flight.
   It has a curse which improves the following skills: Companions: Summonings
   and Necromancy.
   Evocations: Evocations.
 i - the amulet "Roqemm" {Acrobat Contam Dex+3 SInv}
   (You found it in a treasure trove)

   [amulet of the acrobat]

   It increases your evasion while moving and waiting.
   Dex:       It affects your dexterity (+3).
   SInv:      It lets you see invisible.
   Contam:    It causes magical contamination when unequipped.
 o - the amulet of Ephemeral Luck {Harm rPois Regen+}
   (You found it in a treasure trove)

   [amulet of regeneration]

   rPois:     It protects you from poison.
   Regen:     It increases your rate of health regeneration.
   Harm:      It increases damage dealt and taken.
 q - the amulet "Ruyvixka" {Reflect rC- Str+6 SH+5}
   (You found it in a treasure trove)

   [amulet of reflection]

   It reflects blocked missile attacks.
   Str:       It affects your strength (+6).
   rC:        It makes you vulnerable to cold.
   SH:        It affects your SH (+5).
 J - a ring of magical power
 K - the cursed amulet of Supernal Wisdom (around neck) {Reflect SH+5, Evo, Bglg}
   (You found it on level 4 of the Lair of Beasts)

   [amulet of reflection]

   It reflects blocked missile attacks.
   SH:        It affects your SH (+5).
   It has a curse which improves the following skills: Evocations: Evocations.
   Beguiling: Conjurations, Hexes and Translocations.
 P - the amulet of Xom's Whimsicality {rPois Regen+}
   (You found it on level 3 of the Shoals)

   [amulet of regeneration]

   rPois:     It protects you from poison.
   Regen:     It increases your rate of health regeneration.
 Y - the cursed ring of Ashenzari's Prison (right hand) {rN++ MP+9 Str-4 Dex+4, Bglg, Elem}
   (You found it on level 4 of the Shoals)

   [ring of magical power]

   Str:       It affects your strength (-4).
   Dex:       It affects your dexterity (+4).
   rN:        It greatly protects you from negative energy.
   MP:        It affects your magic capacity (+9).
   It has a curse which improves the following skills: Beguiling: Conjurations,
   Hexes and Translocations.
   Elements:  Fire Magic, Ice Magic, Air Magic and Earth Magic.
Wands
 s - a wand of quicksilver (40)
 z - a wand of digging (17)
 H - a wand of iceblast (27)
 I - a wand of polymorph (26)
 N - a wand of paralysis (34)
 V - a wand of flame (51)
Scrolls
 a - 8 scrolls of magic mapping
 c - 6 scrolls of butterflies
 j - 26 scrolls of teleportation
 k - 2 scrolls of enchant armour
 m - 7 scrolls of fear
 w - 11 scrolls of amnesia
 B - 8 scrolls of poison
 C - 15 scrolls of vulnerability
 O - 9 scrolls of silence
 Q - 4 scrolls of torment
 R - 8 scrolls of brand weapon
 U - 9 scrolls of fog
 X - 4 scrolls of blinking
Potions
 d - 9 potions of mutation
 e - 38 potions of curing
 h - 10 potions of lignification
 l - 7 potions of brilliance
 n - 16 potions of might
 r - 7 potions of invisibility
 t - 9 potions of berserk rage
 u - 11 potions of cancellation
 v - 8 potions of attraction
 x - 12 potions of flight
 D - 2 potions of magic
 E - 11 potions of ambrosia
 G - 6 potions of resistance
 W - 10 potions of heal wounds
 Z - 9 potions of haste


   Skills:
 - Level 21.0(27) Fighting
 - Level 9.3 Maces & Flails
 - Level 16.7(20.4) Armour
 + Level 19.4(21.7) Dodging
 - Level 2.1(4.1) Stealth
 - Level 15.0(18.8) Shields
 + Level 17.7(25.7) Spellcasting
 - Level 12.7(16.6) Conjurations
 - Level 2.0(4.8) Hexes
 + Level 19.3(25.2) Summonings
 - Level 10.1(16.3) Necromancy
 - Level 6.1(10.0) Translocations
 - Level 4.0(8.5) Air Magic
 - Level 24.0(27) Earth Magic


You had 22 spell levels left.
You knew the following spells:

 Your Spells              Type           Power      Damage    Failure   Level
a - Iron Shot             Conj/Erth      53%        9d10      1%          6
b - Spellforged Servitor  Conj/Summ      52%        N/A       1%          7
c - Borgnjor's Vile Clut  Necr/Erth      53%        N/A       0%          5
d - Shatter               Erth           58%        3d43*     1%          9
e - Death Channel         Necr           47%        N/A       1%          6
f - Lee's Rapid Deconstr  Erth           58%        3d27*     0%          5
g - Blink                 Tloc           100%       N/A       1%          2
h - Lehudib's Crystal Sp  Conj/Erth      53%        10d12     1%          8
i - Malign Gateway        Summ/Tloc      48%        N/A       1%          7

Your spell library contained the following spells:

 Spells                   Type           Power      Damage    Failure   Level
 Kiss of Death            Conj/Necr      100%       2d13      0%          1
 Magic Dart               Conj           100%       1d8       0%          1
 Necrotise                Necr           100%       1d9       0%          1
 Sandblast                Erth           100%       2d20      0%          1
 Shock                    Conj/Air       100%       1d9       0%          1
 Summon Small Mammal      Summ           100%       N/A       0%          1
 Call Imp                 Summ           100%       N/A       0%          2
 Momentum Strike          Conj/Tloc      100%       3d10      0%          2
 Passwall                 Tmut/Erth      73%        N/A       0%          2
 Searing Ray              Conj           100%       2d8       0%          2
 Static Discharge         Conj/Air       100%       2-7/arc   0%          2
 Call Canine Familiar     Summ           100%       N/A       0%          3
 Stone Arrow              Conj/Erth      100%       3d13      0%          3
 Summon Guardian Golem    Hex/Summ       91%        N/A       0%          3
 Vampiric Draining        Necr           94%        2d12      0%          3
 Animate Armour           Summ/Erth      100%       N/A       0%          4
 Dispel Undead            Necr           94%        3d30      0%          4
 Summon Lightning Spire   Summ/Air       96%        N/A       0%          4
 Summon Cactus Giant      Summ           56%        N/A       0%          6
 Apportation              Tloc           100%       N/A       1%          1
 Sting                    Tmut/Pois      100%       1d8       1%          1
 Lesser Beckoning         Tloc           100%       N/A       1%          2
 Poisonous Vapours        Pois/Air       100%       N/A       1%          2
 Scorch                   Fire           86%        2d9       1%          2
 Wereblood                Tmut           38%        N/A       1%          2
 Confusing Touch          Hex            61%        N/A       1%          3
 Dazzling Flash           Conj/Hex       100%       N/A       1%          3
 Gell's Gravitas          Tloc           78%        N/A       1%          3
 Inner Flame              Hex/Fire       53%        N/A       1%          3
 Kindle Blastsparks       Fire/Tloc/Air  100%       2d18      1%          3
 Mephitic Cloud           Conj/Pois/Air  73%        N/A       1%          3
 Portal Projectile        Hex/Tloc       100%       N/A       1%          3
 Swiftness                Air            74%        N/A       1%          3
 Teleport Other           Tloc           78%        N/A       1%          3
 Tukima's Dance           Hex            61%        N/A       1%          3
 Vhi's Electric Charge    Tloc/Air       100%       N/A       1%          3
 Airstrike                Air            37%        2d(6-22)  1%          4
 Anguish                  Hex/Necr       40%        N/A       1%          4
 Cause Fear               Hex            30%        N/A       1%          4
 Flame Wave               Conj/Fire      74%        2d16      1%          4
 Fulminant Prism          Conj/Hex       40%        3d19      1%          4
 Iskenderun's Mystic Bla  Conj/Tloc      87%        2d17      1%          4
 Leda's Liquefaction      Hex/Erth       47%        N/A       1%          4
 Manifold Assault         Tloc           78%        N/A       1%          4
 Passage of Golubria      Tloc           78%        N/A       1%          4
 Petrify                  Tmut/Erth      88%        N/A       1%          4
 Sticky Flame             Conj/Fire      74%        2d9       1%          4
 Agony                    Necr           94%        N/A       1%          5
 Arcjolt                  Conj/Air       42%        1d52      1%          5
 Fireball                 Conj/Fire      37%        3d15      1%          5
 Freezing Cloud           Conj/Ice/Air   37%        6-21      1%          5
 Irradiate                Conj/Tmut      36%        3d23      1%          5
 Iskenderun's Battlesphe  Conj           95%        2d14      1%          5
 Lightning Bolt           Conj/Air       42%        1d62      1%          5
 Summon Mana Viper        Hex/Summ       91%        N/A       1%          5
 Conjure Ball Lightning   Conj/Air       42%        3x3d15    1%          6
 Monstrous Menagerie      Summ           56%        N/A       1%          7
 Orb of Destruction       Conj           47%        9d12      1%          7
 Summon Hydra             Summ           56%        N/A       1%          7
 Ozocubu's Armour         Ice            43%        N/A       2%          3
 Silence                  Hex/Air        34%        N/A       2%          5
 Ignite Poison            Fire/Tmut/Pois 40%        N/A       3%          3
 Dispersal                Tloc           39%        N/A       3%          6
 Starburst                Conj/Fire      37%        6d11      5%          6
 Simulacrum               Ice/Necr       37%        N/A       6%          6
 Borgnjor's Revivificati  Necr           47%        N/A       11%         8
 Infestation              Necr           47%        N/A       11%         8
 Metabolic Englaciation   Hex/Ice        26%        N/A       12%         5
 Yara's Violent Unravell  Hex/Tmut       26%        3d11      13%         5
 Alistair's Intoxication  Tmut/Pois      25%        N/A       34%         5
 Blade Hands              Tmut           19%        N/A       34%         5
 Disjunction              Tloc           39%        N/A       80%         8
 Enfeeble                 Hex            30%        N/A       83%         7
 Death's Door             Necr           47%        N/A       86%         9
 Storm Form               Tmut/Air       29%        N/A       88%         7
 Eringya's Noxious Bog    Tmut/Pois      19%        N/A       89%         6
 Necromutation            Tmut/Necr      36%        N/A       97%         8
 Dragon Form              Tmut           19%        N/A       100%        7
 Ozocubu's Refrigeration  Ice            21%        4d12      100%        7
 Discord                  Hex            30%        N/A       100%        8
 Chain Lightning          Conj/Air       42%        3d56      100%        9
 Fire Storm               Conj/Fire      37%        8d9       100%        9
 Polar Vortex             Ice            21%        N/A       100%        9
 Sublimation of Blood     Necr           Unusable   N/A       N/A         2
 Cigotuvi's Dreadful Rot  Necr/Pois/Air  Unusable   N/A       N/A         2
 Statue Form              Tmut/Erth      Unusable   N/A       N/A         6

Dungeon Overview and Level Annotations

Branches:
Dungeon (15/15)            Temple (1/1) D:6            Lair (5/5) D:9
 Shoals (4/4) Lair:2       Spider (4/4) Lair:3        Slime (5/5) Lair:5
    Orc (2/2) D:9             Elf (3/3) Orc:2        Vaults (5/5) D:14
  Crypt (3/3) Vaults:3       Tomb (1/3) Crypt:3      Depths (4/4) D:15
    Zot (5/5) Depths:4    Ossuary (visited)           IceCv (visited)
Gauntlet (visited)

Altars:
Ashenzari
Cheibriados
Dithmenos
Elyvilon
Fedhas
Gozag
Hepliaklqana
Kikubaaqudgha
Makhleb
Nemelex Xobeh
Okawaru
Qazlal
Ru
Sif Muna
Trog
Uskayaw
Vehumet
Wu Jian
Xom
Yredelemnul
Zin
The Shining One
Lugonu

Shops:
D:14 =   Orc:2 =[==   Elf:2 ?!*   Elf:3 =   Vaults:4 *   Depths:1 [=((
Depths:2 *

Portals:
Hell: Depths:1 Depths:2 Depths:3 Depths:4
Abyss: Depths:3
Pandemonium: Depths:1* Depths:2 Depths:4
Ziggurat: Depths:1

Annotations:
Elf:2 3 runed translucent doors
Vaults:1 2 transporters


Innate Abilities, Weirdness & Mutations

You are immune to sickness and miasma.
Your stone body is resilient. (AC +20)
You are immune to poison.
Your large and strong wings let you fly.
You resist negative energy. (rN+)
You are resistant to electric shocks. (rElec)
You are resistant to unholy torment.
You are immune to petrification.
You are somewhat resistant to further mutation.


Message History

Ka-crash!
A sixfirhy comes into view.
Casting: Shatter (dangerous; 1% risk of failure)
Confirm with . or Enter, or press ? or * to list all spells.
The dungeon rumbles!
You kill the sixfirhy!
The cacodemon is heavily wounded.
Ka-crash!
Casting: Shatter (dangerous; 1% risk of failure)
Confirm with . or Enter, or press ? or * to list all spells.
The dungeon rumbles!
The cacodemon is severely wounded.
Ka-crash!
Casting: Shatter (dangerous; 1% risk of failure)
Confirm with . or Enter, or press ? or * to list all spells.
The dungeon rumbles!
You kill the cacodemon!
Ka-crash!
You start resting.
A sixfirhy comes into view.
A sixfirhy is nearby!
Casting: Shatter (dangerous; 1% risk of failure)
Confirm with . or Enter, or press ? or * to list all spells.
The dungeon rumbles!
You kill the sixfirhy!
Ka-crash!
Casting: Shatter (dangerous; 1% risk of failure)
Confirm with . or Enter, or press ? or * to list all spells.
The dungeon rumbles!
Ka-crash!
You start resting.
A soul eater comes into view.
Casting: Shatter (dangerous; 1% risk of failure)
Confirm with . or Enter, or press ? or * to list all spells.
The dungeon rumbles!
The soul eater is lightly wounded.
Ka-crash!
Casting: Shatter (dangerous; 1% risk of failure)
Confirm with . or Enter, or press ? or * to list all spells.
You don't have enough magic to cast this spell.
You have escaped!

###### ########...........#...
####....#...............#.##.....
........#....#..#.........##.....
######........#.#.......####.....
.....#.#................######...
.....#...........................
###..#..................#########
#_'..#..#...>.....>.....#
###..#..#*#{#...@.......
.....#.(#...............# ###
.....#................#.###.##
######.#...........[....##...##
........................#.....###
.###....#........#...............
## ####.........#.......#.....###
.########.......#.......##...#...
#......##.###.###.#####.###>##...


There were no monsters in sight!

Vanquished Creatures
  the Royal Jelly (Slime:5)
  5 dread liches
  3 orbs of fire
  Mennas (Crypt:2)
  The ghost of Beel the Lord of Darkness, a master NaVM of Kikubaaqudgha (Zot:4)
  22 royal mummies (Tomb:1)
  3 Killer Klowns
  Margery (Crypt:1)
  Bai Suzhen (Spider:2)
  Nikola (Elf:1)
  5 golden dragons
  A profane servitor (Crypt:1)
  3 bone dragons
  An electric golem (Zot:1)
  A Brimstone Fiend (D:5)
  A shard shrike skeleton (Crypt:2)
  9 tentacled monstrosities
  A spectral shard shrike (Crypt:3)
  7 liches
  A titan (Vaults:5)
  A walking divine tome (Depths:3)
  A walking frostbound tome (Depths:3)
  4 quicksilver dragons
  20 Orb Guardians (Zot:5)
  8 acid blobs
  A deep elf master archer (Elf:2)
  Polyphemus (Shoals:3)
  2 eldritch tentacles
  6 death cobs
  2 sphinxes
  4 shadow dragons
  A kraken (Shoals:2)
  3 tengu reavers
  Roxanne (Elf:2)
  5 revenants
  Agnes (D:15)
  4 storm dragons
  Ilsuiw (Shoals:3)
  4 draconian monks
  7 draconian knights
  A nagaraja (Depths:2)
  11 azure jellies
  4 fire giants
  3 iron dragons
  12 rockslimes
  3 frost giants
  2 vault wardens
  4 draconian scorchers
  11 ghost moths
  3 curse skulls
  5 emperor scorpions
  7 draconian shifters
  3 draconian stormcallers
  3 draconian annihilators
  4 deep elf elementalists (Elf:3)
  4 ironbound preservers
  2 broodmothers
  2 ghouls (Crypt:1)
  A cacodemon (D:1)
  A broodmother (shapeshifter) (Vaults:5)
  7 very ugly things
  8 green draconians
  13 quicksilver oozes
  13 stone giants
  6 vampire knights
  4 black draconians
  2 deep elf annihilators (Elf:3)
  2 bennus (Crypt:3)
  5 deep elf demonologists
  6 purple draconians
  6 red draconians
  5 yellow draconians
  2 spark wasps
  A white draconian (Zot:4)
  3 eidola
  6 ettins
  6 deep elf death magi
  A fire dragon (Depths:1)
  4 jiangshi
  2 green deaths (Depths:2)
  4 deep elf high priests (Elf:3)
  11 mummy priests (Tomb:1)
  8 yaktaur captains
  4 great orbs of eyes
  2 rakshasas
  13 vault guards (Vaults:5)
  2 caustic shrike simulacra (Crypt:3)
  2 hell beasts
  9 ice dragons
  A salamander tyrant (Depths:1)
  A merfolk avatar (Shoals:3)
  A death knight (Crypt:1)
  5 ironbound frosthearts
  2 ogre magi (Orc:2)
  A radroach (Spider:4)
  A spriggan air mage (Depths:3)
  7 centaur warriors
  A boulder beetle (D:15)
  2 catoblepae
  4 two-headed ogres (Orc:2)
  2 satyrs (Shoals:4)
  12 death scarabs (Tomb:1)
  2 deep troll shamans
  2 naga warriors (Depths:2)
  7 dancing weapons
  A death yak (Shoals:3)
  A deep troll earth mage (Depths:4)
  A spectral storm dragon (Crypt:3)
  3 spriggan berserkers
  3 vampire magi
  2 spectral dire elephants (Crypt:3)
  A tengu warrior (Depths:1)
  2 hell hogs (Depths:3)
  3 hell knights
  4 soul eaters
  4 sun demons
  3 deep elf knights
  6 shadow wraiths (Crypt:3)
  3 sixfirhies (D:1)
  14 skeletal warriors
  3 glowing orange brains
  2 sun moths
  4 flayed ghosts
  2 orb spiders
  3 obsidian statues
  A spriggan simulacrum (IceCv)
  12 deep trolls
  A wizard (D:14)
  4 ironbound convokers
  A lindwurm (Vaults:2)
  A shadow dragon zombie (Crypt:1)
  A bog body (Crypt:1)
  7 phantasmal warriors
  13 deep elf archers
  3 harpies
  8 deep elf pyromancers
  7 deep elf zephyrmancers
  7 necromancers
  A wolf spider zombie (Crypt:1)
  An oklob plant (Lair:5)
  3 wolf spiders
  2 fauns
  A spectral ettin (Crypt:3)
  4 cyclopes
  A spectral centaur (Crypt:3)
  2 salamanders (Depths:1)
  A salamander (shapeshifter) (Elf:3)
  2 shining eyes
  16 moths of wrath
  14 ugly things
  A stone giant skeleton (Depths:2)
  A naga zombie (Crypt:2)
  2 frost giant skeletons
  2 black mambas (Lair:5)
  A demonic crawler (Spider:2)
  A naga mage (Depths:2)
  An eye of devastation (Slime:2)
  Maurice (D:10)
  2 merfolk sirens
  A smoke demon (Depths:2)
  An ice statue (Gauntlet)
  An orange demon (D:1)
  A torpor snail (Spider:4)
  2 cane toads (Lair:5)
  A guardian serpent (Lair:5)
  A storm dragon simulacrum (Zot:1)
  2 vault sentinels
  A centaur skeleton (Crypt:2)
  A hellion (Depths:3)
  2 komodo dragons
  2 unseen horrors
  16 yaktaurs
  A kobold demonologist (D:12)
  5 freezing wraiths (Crypt:3)
  A yaktaur (shapeshifter) (Depths:4)
  A tormentor (D:11)
  A death yak skeleton (Crypt:2)
  A catoblepas skeleton (Crypt:1)
  10 guardian mummies
  A harpy zombie (Tomb:1)
  A spectral harpy (Crypt:3)
  A meliai (shapeshifter) (Elf:1)
  2 hellwings (Depths:2)
  6 tarantellas
  3 hornets
  2 wind drakes
  3 blink frogs
  A merfolk zombie (Tomb:1)
  2 dream sheep
  8 jumping spiders
  A great orb of eyes zombie (Crypt:1)
  27 slime creatures
  3 shadows
  3 culicivoras
  6 flying skulls (Tomb:1)
  A spriggan (Depths:4)
  A centaur simulacrum (Crypt:3)
  14 yaks
  4 wyverns (Lair:5)
  2 vampires
  2 steam dragons
  2 water elementals
  3 wraiths
  A human (D:14)
  6 ushabtiu (Tomb:1)
  2 golden eyes (Slime:3)
  6 redbacks
  A basilisk (Lair:2)
  3 large abominations (Elf:1)
  3 vampire mosquitoes (D:12)
  A redback (shapeshifter) (Vaults:5)
  A harpy simulacrum (Crypt:3)
  A human zombie (Depths:1)
  2 water moccasins
  A glowing shapeshifter zombie (Depths:1)
  3 hydra simulacra (IceCv)
  An ice beast (D:7)
  A glowing shapeshifter skeleton (Depths:2)
  A moth of wrath simulacrum (Zot:1)
  A lindwurm zombie (Crypt:1)
  2 orc warriors (D:9)
  An ettin simulacrum (IceCv)
  A wolf (Lair:3)
  6 ogres
  2 centaurs
  2 elf zombies (Elf:1)
  A kobold brigand (D:8)
  4 bullfrogs
  2 earth elementals
  A nameless horror (Tomb:1)
  3 necrophages (Crypt:1)
  2 draconian skeletons
  A deep troll simulacrum (IceCv)
  A wyvern zombie (Ossuary)
  A scorpion (D:6)
  A wyvern skeleton (Crypt:1)
  A howler monkey (D:8)
  2 centaur zombies (Ossuary)
  2 bullfrog zombies (Ossuary)
  A hound (D:7)
  5 orc priests
  4 orc wizards
  17 mummies
  A howler monkey zombie (Ossuary)
  2 gnolls (D:6)
  An adder (D:2)
  An ufetubus (D:7)
  8 orcs
  A ball python (D:1)
  2 bats
  2 hobgoblins
  2 training dummies (Elf:2)
  A frilled lizard (D:5)
  A tentacle (Shoals:2)
902 creatures vanquished.

Vanquished Creatures (collateral kills)
  A dread lich (Vaults:5)
  2 ancient liches (Zot:5)
  4 orbs of fire
  Josephina (Zot:1)
  A Killer Klown (Zot:5)
  9 golden dragons
  A caustic shrike (Depths:3)
  A bone dragon (Zot:3)
  5 electric golems
  A spectral shard shrike (Crypt:3)
  8 tentacled monstrosities
  An Ice Fiend (IceCv)
  3 titans (Vaults:5)
  2 liches
  Asterion (Spider:4)
  2 walking crystal tomes
  5 Orb Guardians (Zot:5)
  2 walking frostbound tomes
  2 quicksilver dragons
  A kraken (Shoals:1)
  3 deep elf master archers (Elf:3)
  A deep elf blademaster (Elf:3)
  4 ancient champions
  11 acid blobs
  3 death cobs (Zot:3)
  2 tengu reavers
  8 sphinxes
  4 azure jellies
  2 rockslimes
  A nagaraja (Depths:2)
  11 storm dragons
  6 shadow dragons
  A revenant (Crypt:1)
  5 fire giants
  7 deep elf sorcerers
  Aizul (Shoals:4)
  2 draconian knights
  2 iron dragons
  A caustic shrike zombie (Depths:1)
  2 frost giants
  6 emperor scorpions
  15 vault wardens
  2 draconian stormcallers (Zot:5)
  A ghost moth (Zot:3)
  A spectral caustic shrike (Crypt:3)
  2 deep elf elementalists (Elf:3)
  2 ghouls (Crypt:1)
  12 ironbound preservers
  Louise (Shoals:3)
  2 orc warlords
  2 draconian shifters
  A quicksilver ooze (Slime:4)
  A draconian annihilator (Zot:5)
  3 war gargoyles
  12 very ugly things
  A reaper (Depths:3)
  A spriggan defender (Depths:2)
  7 ironbound thunderhulks
  2 deep elf demonologists (Elf:3)
  11 stone giants
  3 green draconians
  2 vampire knights
  2 black draconians
  A red draconian (Zot:5)
  2 white draconians
  A spark wasp (shapeshifter) (Vaults:5)
  7 yellow draconians
  4 minotaurs
  4 deep elf annihilators (Elf:3)
  2 purple draconians
  2 spark wasps
  2 crystal guardians
  5 deep elf death magi
  A green death (Depths:2)
  8 eidola
  3 merfolk javelineers
  3 fire dragons
  11 ettins
  2 spectral spriggans (Crypt:3)
  A mummy priest (Tomb:1)
  4 entropy weavers
  6 great orbs of eyes
  2 merfolk impalers
  4 deep elf high priests
  5 jiangshi
  7 yaktaur captains
  2 rakshasas (Depths:1)
  8 ice dragons
  2 caustic shrike simulacra
  5 hydras
  24 vault guards
  3 ogre magi
  2 peacekeepers
  10 ironbound frosthearts
  5 radroaches
  A jorogumo (Spider:3)
  A merfolk avatar (Shoals:4)
  6 centaur warriors
  9 satyrs (Shoals:4)
  Erica (D:8)
  A catoblepas (Shoals:3)
  6 dancing weapons
  4 boulder beetles
  3 spriggan air magi
  A death yak (Shoals:3)
  A tengu warrior (Depths:1)
  A death knight (Crypt:1)
  A deep troll shaman (Depths:3)
  4 naga warriors (Depths:2)
  12 two-headed ogres
  2 hell hogs
  A death scarab (Gauntlet)
  4 vampire magi
  3 spriggan berserkers
  4 deep troll earth magi
  2 sun demons
  3 soul eaters
  A titan zombie (Crypt:3)
  5 deep elf knights
  2 hell knights
  A spectral storm dragon (Crypt:3)
  4 iron trolls
  A sun moth (Spider:3)
  Sonja (D:11)
  A fire crab (D:14)
  A spectral catoblepas (Gauntlet)
  5 glowing orange brains
  14 skeletal warriors
  A titan skeleton (Crypt:2)
  An anaconda zombie (Crypt:2)
  2 death drakes (Zot:3)
  A shadow demon (Depths:2)
  28 deep trolls
  5 orb spiders
  5 flayed ghosts
  2 naga ritualists (Depths:2)
  7 sea snakes
  A swamp dragon (shapeshifter) (Vaults:5)
  8 deep elf archers
  4 steelbarb worms
  17 harpies
  2 iron giant skeletons (Crypt:3)
  2 mana vipers (shapeshifter) (Vaults:5)
  4 orc knights
  7 lindwurms
  20 ironbound convokers
  A golden dragon skeleton (Crypt:1)
  12 deep elf pyromancers
  12 phantasmal warriors
  An oklob plant (Lair:5)
  20 fauns
  A mana viper (Depths:2)
  13 wolf spiders
  6 wizards
  8 deep elf zephyrmancers
  3 necromancers
  3 orc sorcerers
  20 ugly things
  11 manticores
  7 cyclopes
  2 salamanders (Depths:1)
  2 elephants (Lair:1)
  14 moths of wrath
  2 eyes of devastation
  9 merfolk sirens
  A spectral centaur (Crypt:3)
  A black mamba (shapeshifter) (D:14)
  13 vault sentinels
  7 black mambas
  A naga mage (Depths:2)
  2 demonic crawlers
  A torpor snail (Spider:1)
  2 cane toads (shapeshifter)
  2 water nymphs
  A grey draconian zombie (Crypt:2)
  13 cane toads
  A pale draconian zombie (Crypt:3)
  5 komodo dragons
  12 yaktaurs
  3 tengu conjurers
  3 golden dragon simulacra (IceCv)
  2 spectral nagas (Crypt:3)
  14 freezing wraiths
  3 rime drakes
  An iron giant simulacrum (Crypt:3)
  An anaconda simulacrum (Crypt:3)
  5 spectral harpies (Crypt:3)
  10 merfolk
  2 ice devils (IceCv)
  4 hornets
  A hellwing (Zot:3)
  2 polar bears
  5 wind drakes
  Grinder (D:5)
  17 tarantellas
  16 blink frogs
  16 dream sheep
  9 snapping turtles
  An ice dragon zombie (Crypt:1)
  A stone giant simulacrum (Crypt:3)
  A tarantella zombie (Crypt:2)
  32 jumping spiders
  3 air elementals
  A centaur simulacrum (D:14)
  35 slime creatures
  2 spriggans
  9 water elementals
  8 culicivoras
  19 yaks
  6 wraiths
  9 wyverns
  2 vampires
  A nameless horror (Spider:2)
  3 fire elementals
  6 humans (D:14)
  4 golden eyes (Slime:3)
  4 vampire mosquitoes
  2 basilisks (D:15)
  A chaos spawn (Depths:2)
  53 redbacks
  A minotaur simulacrum (IceCv)
  A purple draconian simulacrum (Zot:1)
  A steam dragon (D:6)
  A water nymph zombie (Crypt:2)
  3 wargs (Orc:2)
  A demonspawn zombie (Crypt:1)
  A warg (shapeshifter) (D:11)
  A two-headed ogre zombie (Crypt:1)
  A glowing shapeshifter zombie (Depths:2)
  A swamp worm (shapeshifter) (Vaults:5)
  5 water moccasins
  2 hydra simulacra (IceCv)
  An acid dragon (D:11)
  A meliai simulacrum (D:14)
  A floating eye (Depths:3)
  A hornet zombie (Ossuary)
  12 orc warriors
  A snapping turtle zombie (Crypt:3)
  3 sky beasts
  4 black bears (D:9)
  A swamp dragon zombie (Crypt:3)
  4 wolves
  26 ogres
  7 centaurs
  3 kobold brigands
  A rime drake skeleton (Crypt:3)
  17 bullfrogs
  2 gnoll sergeants
  A scorpion (D:6)
  2 necrophages
  2 earth elementals
  2 water moccasin zombies (Ossuary)
  7 wights
  A shapeshifter zombie (Crypt:3)
  A wyvern skeleton (Crypt:2)
  6 killer bees
  3 electric eels
  A shapeshifter skeleton (Crypt:2)
  A howler monkey (D:7)
  3 bullfrog zombies (Ossuary)
  A wolf skeleton (Crypt:1)
  4 centaur zombies (Ossuary)
  2 jellies
  2 hounds
  9 orc priests
  An iguana (D:5)
  A human skeleton (Crypt:1)
  16 orc wizards
  2 killer bee zombies (Ossuary)
  14 mummies
  A howler monkey zombie (Ossuary)
  11 gnolls
  6 adders
  A shadow imp (D:5)
  3 white imps (Lair:5)
  2 ufetubi
  A worm (D:14)
  4 dart slugs
  53 orcs
  4 ball pythons
  4 endoplasms
  A giant cockroach (D:1)
  4 goblins
  3 hobgoblins
  5 quokkas
  A training dummy (Elf:2)
  3 bats
  2 frilled lizards
  A frilled lizard zombie (Crypt:3)
  17 kobolds
  4 rats
  A fire vortex (Depths:2)
  6 tentacles
1445 creatures vanquished.

Vanquished Creatures (others)
  A curse toe (Zot:3)
  A lich (Depths:3)
  22 eldritch tentacles
  A tengu reaver (Vaults:5)
  A deep elf elementalist (Elf:3)
  A stone giant (Vaults:4)
  2 hydras
  Urug (Lair:3)
  A soul eater (Zot:3)
  A deep elf knight (Elf:2)
  A deep elf archer (Elf:2)
  A deep elf pyromancer (Elf:2)
  2 deep elf zephyrmancers
  A manticore (Shoals:2)
  A black mamba (Lair:5)
  An elephant (Lair:1)
  A komodo dragon (Lair:2)
  A human (D:14)
  A wyvern (Lair:5)
  2 yaks (Lair:3)
  A moth of wrath simulacrum (Zot:1)
  A water moccasin (Lair:5)
  3 orc warriors
  4 wolves (Lair:5)
  2 killer bees (D:7)
  A gnoll bouda (D:6)
  A gnoll (D:6)
  61 fungi
  146 plants
  8 tentacles
  6 withered plants
278 creatures vanquished.

Grand Total: 2625 creatures vanquished

Notes
Turn   | Place    | Note
-------+----------+-------------------------------------------
     0 | D:1      | rigao the Gargoyle Summoner began the quest for the Orb.
     0 | D:1      | Reached XP level 1. HP: 10/10 MP: 3/3
   431 | D:1      | Reached XP level 2. HP: 15/15 MP: 1/5
   434 | D:1      | Learned a level 2 spell: Call Imp
   713 | D:1      | Reached XP level 3. HP: 16/19 MP: 1/6
   862 | D:1      | Found a faded altar of an unknown god.
  1062 | D:2      | Learned a level 3 spell: Call Canine Familiar
  1635 | D:2      | Reached XP level 4. HP: 24/24 MP: 4/7
  1759 | D:2      | Reached skill level 1 in Fighting
  2715 | D:3      | Reached skill level 5 in Summonings
  3009 | D:3      | Reached XP level 5. HP: 30/30 MP: 5/8
  3598 | D:3      | Found a radiant altar of Vehumet.
  3598 | D:3      | Found a bloodstained altar of Trog.
  3602 | D:3      | Found a hazy altar of Hepliaklqana.
  4162 | D:4      | Reached XP level 6. HP: 36/36 MP: 7/10
  4698 | D:4      | Learned a level 4 spell: Summon Lightning Spire
  4734 | D:5      | Entered Level 5 of the Dungeon
  4787 | D:5      | Found a sand-covered staircase.
  4834 | Ossuary  | Entered an ossuary
  4887 | Ossuary  | Reached skill level 1 in Air Magic
  4897 | Ossuary  | Reached XP level 7. HP: 17/41 MP: 6/12
  5239 | Ossuary  | Reached XP level 8. HP: 25/48 MP: 4/14
  5591 | Ossuary  | Reached skill level 5 in Fighting
  6024 | D:5      | Reached skill level 5 in Spellcasting
  6215 | D:5      | Noticed Grinder
  6245 | D:5      | Killed Grinder
  6440 | D:5      | Reached XP level 9. HP: 55/55 MP: 11/16
  7645 | D:6      | Learned a level 3 spell: Summon Guardian Golem
  7981 | D:6      | Found a staircase to the Ecumenical Temple.
  7999 | Temple   | Entered the Ecumenical Temple
  8169 | Temple   | Became a worshipper of Ashenzari the Shackled
  8306 | D:6      | Reached skill level 1 in Hexes
  8649 | D:7      | Identified the +1 scale mail "Cynal" {Harm rC- rCorr Int+3}
  9333 | D:7      | Reached XP level 10. HP: 41/63 MP: 3/20
  9588 | D:8      | Noticed a deep elf pyromancer
 11000 | D:8      | HP: 3/64 [something (8)]
 11796 | D:8      | Killed a deep elf pyromancer
 11956 | D:8      | Found an ancient bone altar of Kikubaaqudgha.
 12173 | D:8      | Noticed Erica
 12199 | D:8      | Killed Erica
 12328 | D:8      | Reached * piety under Ashenzari
 12330 | D:8      | Reached XP level 11. HP: 69/69 MP: 22/22
 12549 | D:9      | Reached skill level 1 in Maces & Flails
 12802 | D:9      | Found a staircase to the Lair.
 12861 | D:9      | Noticed a two-headed ogre
 12873 | D:9      | Killed a two-headed ogre
 12874 | D:9      | Reached XP level 12. HP: 62/76 MP: 12/24
 13564 | D:9      | Reached ** piety under Ashenzari
 13957 | D:9      | Found a staircase to the Orcish Mines.
 14223 | Lair:1   | Entered Level 1 of the Lair of Beasts
 14267 | Lair:1   | Reached skill level 10 in Fighting
 14472 | Lair:1   | Reached skill level 5 in Dodging
 15251 | Lair:2   | Reached *** piety under Ashenzari
 15485 | Lair:1   | Reached skill level 5 in Maces & Flails
 16297 | Lair:2   | Found a staircase to the Shoals.
 16565 | Lair:2   | Reached XP level 13. HP: 50/87 MP: 16/26
 17071 | Lair:2   | Reached **** piety under Ashenzari
 17803 | Lair:3   | Noticed Urug
 17827 | Lair:3   | Killed Urug
 18249 | Lair:3   | Found a hole to the Spider Nest.
 18621 | Lair:4   | Reached skill level 1 in Conjurations
 18621 | Lair:4   | Reached skill level 1 in Earth Magic
 19130 | Spider:1 | Entered Level 1 of the Spider Nest
 19206 | Lair:4   | Reached skill level 1 in Shields
 20046 | Lair:5   | Entered Level 5 of the Lair of Beasts
 21841 | Lair:5   | Reached skill level 5 in Shields
 22164 | Lair:5   | Reached ***** piety under Ashenzari
 22708 | Lair:5   | Gained mutation: Your large and strong wings let you fly.
                  | [Gargoyle growth]
 22708 | Lair:5   | Reached XP level 14. HP: 100/100 MP: 24/30
 23124 | Lair:5   | Reached skill level 10 in Shields
 23945 | Lair:5   | Upgraded the game from 0.30-a0-634-g8abc85282e to
                  | 0.30-a0-637-gacddeb6d44
 24112 | Orc:1    | Entered Level 1 of the Orcish Mines
 25391 | D:9      | Found a staircase to the Orcish Mines.
 25835 | Orc:1    | Paralysed by an orc sorcerer for 3 turns
 26226 | Orc:2    | Entered Level 2 of the Orcish Mines
 26301 | Orc:2    | Found a gate leading to a gauntlet.
 26308 | Gauntlet | Entered a Gauntlet
 26308 | Gauntlet | Found a transporter.
 26308 | Gauntlet | Found a transporter.
 26308 | Gauntlet | Found a large runed translucent door.
 26308 | Gauntlet | Found a large runed translucent door.
 26308 | Gauntlet | Found a large runed translucent door.
 26308 | Gauntlet | Found a large runed translucent door.
 26308 | Gauntlet | Found a large runed translucent door.
 26308 | Gauntlet | Found a large runed translucent door.
 26308 | Gauntlet | Found a runed translucent door.
 26308 | Gauntlet | Found a runed translucent door.
 26308 | Gauntlet | Found a large runed translucent door.
 26308 | Gauntlet | Found a large runed translucent door.
 26308 | Gauntlet | Found a large runed translucent door.
 26308 | Gauntlet | Found a large runed translucent door.
 26308 | Gauntlet | Found a large runed translucent door.
 26308 | Gauntlet | Found a large runed translucent door.
 26314 | Gauntlet | Found a transporter.
 26314 | Gauntlet | Found a transporter.
 26324 | Gauntlet | Found a transporter.
 26343 | Gauntlet | Found a transporter.
 26350 | Gauntlet | Noticed a quicksilver ooze
 26351 | Gauntlet | Found a transporter.
 26352 | Gauntlet | Identified the +5 falchion of the Gnat {vamp, rElec Str+2
                  | Int-3}
 26353 | Gauntlet | Found a transporter.
 26353 | Gauntlet | Found a transporter.
 26359 | Gauntlet | Found a transporter.
 26366 | Gauntlet | Identified the +0 pair of boots of Impermeability {rElec
                  | Regen+ Int+3}
 26395 | Gauntlet | Found a transporter.
 26408 | Gauntlet | Found a large runed translucent door.
 26409 | Gauntlet | Found a large runed translucent door.
 26411 | Gauntlet | Found a runed translucent gate.
 26412 | Gauntlet | Found a runed translucent gate.
 26413 | Gauntlet | Found a runed translucent gate.
 26413 | Gauntlet | Found a transporter.
 26431 | Gauntlet | Found a large runed translucent door.
 26432 | Gauntlet | Found a large runed translucent door.
 26458 | Gauntlet | Found a transporter.
 26472 | Gauntlet | Found a transporter.
 26575 | Gauntlet | Found a transporter.
 26596 | Gauntlet | Found a transporter.
 27388 | Gauntlet | Killed a quicksilver ooze
 27987 | Orc:2    | Found a staircase to the Elven Halls.
 28509 | Orc:2    | Found Eskopol's Jewellery Emporium.
 28509 | Orc:2    | Found Jotaurgh's Jewellery Shop.
 28522 | Orc:2    | Reached XP level 15. HP: 104/104 MP: 27/30
 28553 | Orc:2    | Found Muxtuugo's Antique Armour Shop.
 28553 | Orc:2    | Found Hagiqan's Jewellery Shoppe.
 28575 | Orc:2    | Reached skill level 15 in Shields
 28586 | Orc:2    | Bought a shiny helmet for 277 gold pieces
 28659 | Orc:2    | Reached skill level 2 in Earth Magic
 28859 | D:10     | Entered Level 10 of the Dungeon
 28881 | D:10     | Found a portal to a secret trove of treasure.
 29060 | D:10     | Noticed Maurice
 29071 | D:10     | Killed Maurice
 29072 | D:10     | Reached skill level 3 in Earth Magic
 29559 | Orc:2    | Bought a ring of willpower for 275 gold pieces
 29910 | D:11     | Reached skill level 4 in Earth Magic
 30219 | D:11     | Noticed Sonja
 30232 | D:11     | Killed Sonja
 30233 | D:11     | Reached skill level 5 in Conjurations
 30413 | D:11     | Identified Foor's Precepts of Glory
 30681 | D:11     | Identified the +3 demon whip "Xiosilio" {freeze, Fragile
                  | rPois Will+ SInv}
 31607 | D:12     | Learned a level 7 spell: Spellforged Servitor
 33934 | D:13     | Found the +8 Vampire's Tooth {megavamp}
 34072 | D:13     | Found a transporter.
 34111 | D:13     | Found a transporter.
 34115 | D:13     | Found a transporter.
 34151 | D:13     | Found a transporter.
 34658 | D:14     | Learned a level 6 spell: Iron Shot
 34932 | D:14     | Found a snail-covered altar of Cheibriados.
 35044 | D:14     | Learned a level 5 spell: Lee's Rapid Deconstruction
 35047 | D:14     | Learned a level 2 spell: Blink
 35111 | D:14     | Identified the +8 long sword "Ikleam" {freeze, Stlth+}
 35121 | D:14     | Reached skill level 5 in Earth Magic
 35177 | D:14     | Reached XP level 16. HP: 97/111 MP: 11/32
 35310 | D:14     | Noticed a sphinx
 35316 | D:14     | Killed a sphinx
 35509 | D:14     | Found Qetangil's Jewellery Boutique.
 36501 | D:14     | Found a gate to the Vaults.
 36658 | D:15     | Entered Level 15 of the Dungeon
 37373 | D:15     | Reached skill level 10 in Conjurations
 37486 | D:15     | Noticed Agnes
 37493 | D:15     | Killed Agnes
 37974 | D:15     | Found a staircase to the Depths.
 38787 | Spider:1 | Learned a level 8 spell: Lehudib's Crystal Spear
 39064 | Spider:1 | Reached skill level 6 in Earth Magic
 41887 | Spider:2 | Reached XP level 17. HP: 120/120 MP: 13/34
 41900 | Spider:2 | Reached skill level 7 in Earth Magic
 42795 | Spider:3 | Noticed Bai Suzhen
 42943 | Spider:2 | Killed Bai Suzhen
 43824 | D:10     | You paid a toll of +5 ice dragon scales to enter a treasure
                  | trove
 43825 | Trove    | Entered a treasure trove
 43854 | Trove    | Identified Sif Muna's Parchment of the Arsonist and the
                  | Quake
 43854 | Trove    | Identified Sif Muna's Textbook on Wounds
 43854 | Trove    | Identified the Grimoire of Sinister Electrocution
 43855 | Trove    | Identified the Lectures on United Bones
 43880 | Trove    | Identified the amulet "Roqemm" {Acrobat Contam Dex+3 SInv}
 43880 | Trove    | Identified the amulet of Ephemeral Luck {Harm rPois Regen+}
 43881 | Trove    | Identified the amulet "Ruyvixka" {Reflect rC- Str+6 SH+5}
 43919 | Trove    | Reached XP level 18. HP: 128/128 MP: 35/35
 43935 | D:10     | Learned a level 5 spell: Borgnjor's Vile Clutch
 45186 | Spider:3 | Reached skill level 8 in Earth Magic
 45717 | Spider:4 | Entered Level 4 of the Spider Nest
 45920 | Spider:4 | Identified the +0 leather armour "Biatoniafu" {rElec rPois
                  | Str-4}
 46102 | Spider:4 | Noticed Asterion
 46109 | Spider:4 | Killed Asterion
 47906 | Spider:4 | Reached skill level 9 in Earth Magic
 48061 | Spider:4 | Got a gossamer rune of Zot
 48358 | Shoals:1 | Entered Level 1 of the Shoals
 48419 | Shoals:1 | Reached ****** piety under Ashenzari
 48629 | Shoals:1 | Reached XP level 19. HP: 138/138 MP: 31/38
 48724 | Shoals:1 | Learned a level 7 spell: Monstrous Menagerie
 50212 | Shoals:2 | Found a frozen archway.
 50236 | IceCv    | Entered an ice cave
 51048 | IceCv    | Reached skill level 10 in Dodging
 51061 | IceCv    | Noticed an Ice Fiend
 51064 | IceCv    | Killed an Ice Fiend
 52857 | Shoals:3 | Noticed Louise
 52862 | Shoals:3 | Killed Louise
 53041 | Shoals:3 | Noticed Polyphemus
 53068 | Shoals:3 | Reached skill level 15 in Fighting
 53074 | Shoals:3 | Killed Polyphemus
 53419 | Shoals:3 | Reached skill level 15 in Summonings
 53596 | Shoals:3 | Noticed Ilsuiw
 53638 | Shoals:3 | Killed Ilsuiw
 53800 | Shoals:3 | Found Dukloj's Magic Scroll Shop.
 54024 | Shoals:3 | Identified the amulet of Xom's Whimsicality {rPois Regen+}
 54463 | Shoals:4 | Entered Level 4 of the Shoals
 54474 | Shoals:4 | Noticed Aizul
 54482 | Shoals:4 | Killed Aizul
 54797 | Shoals:4 | Reached skill level 10 in Spellcasting
 55774 | Shoals:4 | Identified the ring "Booq" {rPois Int-2 Dex+3 SInv}
 55787 | Shoals:4 | Got a barnacled rune of Zot
 55858 | Shoals:4 | Identified the ring "Selell" {rN++ MP+9 Str-4 Dex+4}
 55858 | Shoals:4 | Identified the Lessons on Degeneration
 55859 | Shoals:4 | Reached XP level 20. HP: 134/147 MP: 23/41
 56060 | Shoals:4 | Identified the ring of Monotheism {Fly rF+}
 56316 | Shoals:4 | Upgraded the game from 0.30-a0-637-gacddeb6d44 to
                  | 0.30-a0-643-g638baaf3f0
 56600 | Vaults:1 | Entered Level 1 of the Vaults
 57312 | Vaults:1 | Found a transporter.
 57312 | Vaults:1 | Found a transporter.
 57318 | Vaults:1 | Identified the amulet of Brilliance {Faith Rampage}
 58689 | Vaults:2 | Found a flickering gateway to a bazaar.
 58698 | Bazaar   | Entered a bazaar
 58729 | Bazaar   | Found Todoacva's Antique Weapon Shop.
 58729 | Bazaar   | Found Haproi's Armour Boutique.
 58730 | Bazaar   | Found Xocachoc's Distillery.
 58747 | Bazaar   | Bought a potion of haste for 90 gold pieces
 58747 | Bazaar   | Bought a potion of might for 36 gold pieces
 58761 | Bazaar   | Found Cugeul's Magic Scroll Emporium.
 58769 | Bazaar   | Bought a scroll of amnesia for 32 gold pieces
 61331 | Vaults:3 | Reached XP level 21. HP: 150/160 MP: 16/42
 62484 | Vaults:3 | Found a staircase to the Crypt.
 62949 | Vaults:4 | Found Dehomus's General Store.
 62960 | Vaults:4 | Bought a scroll of enchant weapon for 112 gold pieces
 62960 | Vaults:4 | Bought a potion of brilliance for 60 gold pieces
 63328 | Vaults:4 | Reached skill level 1 in Armour
 63345 | Vaults:4 | Noticed a golden dragon
 63354 | Vaults:4 | Killed a golden dragon
 63912 | Vaults:4 | Identified the +3 arbalest of Due Proportion {heavy, Int+5}
 64174 | Vaults:4 | Reached skill level 5 in Armour
 65260 | Elf:1    | Entered Level 1 of the Elven Halls
 65487 | Elf:1    | Identified the Anthology of Death
 65594 | Elf:1    | Noticed Nikola
 65601 | Elf:1    | Killed Nikola
 65984 | Elf:1    | Identified the +5 quick blade of Defence {elec, rN+ MP+9
                  | Str+3}
 65985 | Elf:1    | Paralysed by an air elemental for 1 turns
 66447 | Elf:2    | Reached XP level 22. HP: 154/169 MP: 23/43
 66708 | Elf:2    | Found Teggeafe's Magic Scroll Shoppe.
 66713 | Elf:2    | Bought a scroll of enchant weapon for 105 gold pieces
 66713 | Elf:2    | Bought a scroll of enchant armour for 105 gold pieces
 66713 | Elf:2    | Bought a scroll of enchant armour for 105 gold pieces
 66713 | Elf:2    | Bought a scroll of butterflies for 56 gold pieces
 66713 | Elf:2    | Bought a scroll of teleportation for 42 gold pieces
 66764 | Elf:2    | Found Woqas's Distillery.
 66780 | Elf:2    | Bought a potion of brilliance for 60 gold pieces
 66780 | Elf:2    | Bought 2 potions of might for 120 gold pieces
 66780 | Elf:2    | Bought a potion of resistance for 150 gold pieces
 66780 | Elf:2    | Bought a potion of heal wounds for 75 gold pieces
 66814 | Elf:2    | Noticed Roxanne
 66818 | Elf:2    | Killed Roxanne
 66857 | Elf:2    | Reached skill level 5 in Necromancy
 66860 | Elf:2    | Paralysed by an air elemental for 1 turns
 66894 | Elf:2    | Identified the +5 falchion "Ijax" {freeze, Str+3 Int+2
                  | Dex-5}
 67105 | Elf:2    | Found Qeab's Assorted Antiques.
 67109 | Elf:2    | Bought a scroll of teleportation for 102 gold pieces
 67109 | Elf:2    | Bought a scroll of poison for 136 gold pieces
 67235 | Elf:2    | Found a runed translucent gate.
 67235 | Elf:2    | Found a runed translucent gate.
 67235 | Elf:2    | Found a runed translucent gate.
 67284 | Elf:3    | Entered Level 3 of the Elven Halls
 67677 | Elf:3    | Found Ucohothru's Jewellery Shoppe.
 68361 | Elf:3    | Identified the +1 cloak of Restlessness {Str+2}
 68362 | Elf:3    | Identified the Encyclopedia of the Escort
 68406 | Elf:3    | Reached skill level 10 in Armour
 68473 | Elf:3    | Identified the +5 hand axe of the Ship {drain, rC++ Str+3}
 68477 | Elf:3    | Identified the +9 trident "Uzunet" {holy, rF+ Dex+2}
 68597 | Elf:3    | Reached skill level 15 in Dodging
 68859 | Elf:3    | Found the +2 hood of the Assassin {Detect Stab+ Stlth++}
 68984 | Elf:3    | Identified A Primer on the Hermit's Heritage
 68986 | Elf:3    | Identified the +1 halberd "Lyles" {holy, rElec rC++ Dex+3
                  | Stlth+}
 69113 | Elf:3    | Upgraded the game from 0.30-a0-643-g638baaf3f0 to
                  | 0.30-a0-652-gcc886f7154
 69445 | Crypt:1  | Entered Level 1 of the Crypt
 69586 | Crypt:1  | Noticed Margery
 69606 | Crypt:1  | Killed Margery
 69784 | Crypt:1  | Reached XP level 23. HP: 119/172 MP: 20/43
 70227 | Crypt:1  | Learned a level 6 spell: Death Channel
 70699 | Crypt:1  | Found an ancient bone altar of Kikubaaqudgha.
 71095 | Crypt:1  | Found a basalt altar of Yredelemnul.
 71287 | Crypt:2  | Reached skill level 10 in Earth Magic
 72219 | Crypt:2  | Found a burning altar of Makhleb.
 72245 | Crypt:2  | Found a glowing golden altar of the Shining One.
 72291 | Crypt:2  | Noticed Mennas
 72357 | Crypt:2  | Killed Mennas
 72608 | Crypt:3  | Entered Level 3 of the Crypt
 73588 | Crypt:3  | Reached skill level 11 in Earth Magic
 74677 | Crypt:3  | Found the +0 staff of Battle
 75115 | Crypt:3  | Found a staircase to the Tomb.
 75166 | Crypt:3  | Identified the +9 mace "Surargh" {freeze, rPois rN+ Str-5}
 75166 | Crypt:3  | Identified the ring "Ytygruru" {EV+5 Int+2}
 75506 | Depths:1 | Entered Level 1 of the Depths
 75521 | Depths:1 | Reached XP level 24. HP: 158/180 MP: 16/45
 75668 | Depths:1 | Found Xapheac's Antique Weapon Shoppe.
 75753 | Depths:1 | Found a one-way gate leading to the halls of Pandemonium.
 75998 | Depths:1 | Found a one-way gateway to a ziggurat.
 76029 | Depths:1 | Found a gateway to Hell.
 76082 | Depths:1 | Found a stormy altar of Qazlal.
 76200 | Depths:1 | Found Xuaneegu's Armour Shoppe.
 76219 | Depths:1 | Found a hazy altar of Hepliaklqana.
 76232 | Depths:1 | Found Ynneji's Jewellery Shop.
 76285 | Depths:1 | Found Amynan's Weapon Shoppe.
 76981 | Depths:2 | Identified the +7 mace of Blood {flame, Str+2}
 77979 | Depths:2 | Identified the +11 demon blade of Spite {venom, rElec rC-
                  | Dex+2}
 78001 | Depths:2 | Reached skill level 15 in Armour
 78123 | Depths:2 | Found Eguog's CLEARANCE SALE!.
 78132 | Depths:2 | Bought a scroll of blinking for 30 gold pieces
 78383 | Depths:3 | Found a corrupted altar of Lugonu.
 78383 | Depths:3 | Found a one-way gate to the infinite horrors of the Abyss.
 79491 | Depths:3 | Found a glowing silver altar of Zin.
 79627 | Depths:3 | Noticed a caustic shrike
 79641 | Depths:3 | Killed a caustic shrike
 79819 | Depths:3 | Paralysed by a floating eye for 2 turns
 79824 | Depths:3 | Paralysed by a floating eye for 4 turns
 80264 | Depths:3 | Reached XP level 25. HP: 118/187 MP: 10/44
 81056 | Depths:4 | Entered Level 4 of the Depths
 82065 | Depths:4 | Reached skill level 10 in Necromancy
 82492 | Depths:4 | Found a gate to the Realm of Zot.
 82937 | Vaults:5 | Entered Level 5 of the Vaults
 82938 | Vaults:5 | Noticed a dread lich
 82949 | Vaults:5 | Reached skill level 12 in Earth Magic
 83129 | Vaults:5 | Reached skill level 13 in Earth Magic
 83158 | Vaults:5 | Identified the ring "Rushrati" {Fly Str+4}
 83403 | Vaults:5 | Reached skill level 14 in Earth Magic
 83473 | Vaults:5 | Killed a dread lich
 83508 | Vaults:5 | Reached skill level 15 in Earth Magic
 84056 | Vaults:4 | Found Dehomus's General Store.
 84571 | Vaults:5 | Reached skill level 16 in Earth Magic
 84585 | Vaults:5 | Noticed a dread lich
 84621 | Vaults:5 | Paralysed by a dread lich for 4 turns
 84624 | Vaults:5 | Killed a dread lich
 84682 | Vaults:5 | Reached XP level 26. HP: 188/193 MP: 9/44
 84721 | Vaults:5 | Identified the +6 hand axe "Ferud" {flame, Dex+4}
 84752 | Vaults:5 | Reached skill level 17 in Earth Magic
 85122 | Vaults:5 | Reached skill level 18 in Earth Magic
 85658 | Vaults:5 | Identified the +8 short sword of Insomnia {venom, rF+
                  | Dex+4}
 85805 | Vaults:5 | Got a silver rune of Zot
 85826 | Vaults:5 | Learned a level 9 spell: Shatter
 86048 | Vaults:5 | Reached skill level 19 in Earth Magic
 86192 | Vaults:5 | Identified the +7 falchion of Dissatisfaction {protect,
                  | *Slow rElec Int+7 Dex-3}
 86193 | Vaults:5 | Identified Mituapt's Almanac of the Maledictive Discharge
 86194 | Vaults:5 | Found the +3 giant club "Skullcrusher" {speed, Str+7}
 86766 | Lair:5   | Found a staircase to the Slime Pits.
 86791 | Slime:1  | Entered Level 1 of the Pits of Slime
 87145 | Slime:2  | Reached skill level 20 in Earth Magic
 87596 | Slime:5  | Entered Level 5 of the Pits of Slime
 87688 | Slime:5  | Noticed the Royal Jelly
 87689 | Slime:5  | Reached skill level 21 in Earth Magic
 87838 | Slime:5  | Killed the Royal Jelly
 88853 | Slime:5  | Identified the ring "Qaxumurr" {rC- Str+6 Int+6}
 88853 | Slime:5  | Identified the +1 robe of Qothit {rElec rC+}
 88854 | Slime:5  | Identified the +1 spear "Nidugom" {antimagic, rElec rF- rC+
                  | Int+2}
 88855 | Slime:5  | Identified the Reference Book on Congregated Last Rites
 88855 | Slime:5  | Identified a scroll of acquirement
 88855 | Slime:5  | Identified the +10 spear of Parph {pain, rC+ Will- Str+4}
 88855 | Slime:5  | Identified the +6 chain mail "Osun" {+Inv rC+ Str+4 Int-5
                  | Dex+2}
 88857 | Slime:5  | Identified the +1 leather armour of the Meadowlark {rElec
                  | Int+2 Dex-5}
 88860 | Slime:5  | Identified the +2 pair of boots of the Centipede {MP+9}
 88900 | Slime:5  | Acquired the ring "Eropt" {rF+ Str+6 Slay+4}
 88931 | Slime:5  | Got a slimy rune of Zot
 89456 | Zot:1    | Entered Level 1 of the Realm of Zot
 89460 | Zot:1    | Reached skill level 22 in Earth Magic
 90231 | Zot:1    | Noticed an orb of fire
 90484 | Zot:1    | Killed an orb of fire
 90498 | Depths:4 | Reached XP level 27. HP: 114/199 MP: 1/44
 91115 | Zot:1    | Reached skill level 23 in Earth Magic
 91832 | Zot:1    | Identified the ring of Gitirywu {Ice Fly Str+5 Dex+3}
 91832 | Zot:1    | Noticed Josephina
 91836 | Zot:1    | Killed Josephina
 93285 | Zot:2    | Noticed an orb of fire
 93573 | Zot:2    | Killed an orb of fire
 93574 | Zot:2    | Reached skill level 24 in Earth Magic
 94605 | Elf:3    | Bought the ring "Oxuygide" {Fly rF+ rC+ Dex+3} for 711 gold
                  | pieces
 95833 | Zot:3    | Noticed a dread lich
 96101 | Zot:3    | Killed a dread lich
 96713 | Tomb:1   | Entered Level 1 of the Tomb of the Ancients
 97134 | Tomb:1   | Noticed a royal mummy
 97279 | Tomb:1   | Killed a royal mummy
 97281 | Tomb:1   | Noticed a royal mummy
 97283 | Tomb:1   | Noticed a royal mummy
 97432 | Tomb:1   | Killed a royal mummy
 97433 | Tomb:1   | Killed a royal mummy
 97536 | Tomb:1   | Noticed a royal mummy
 97542 | Tomb:1   | Killed a royal mummy
 97609 | Tomb:1   | Noticed a royal mummy
 97612 | Tomb:1   | Killed a royal mummy
 97863 | Tomb:1   | Noticed a royal mummy
 97868 | Tomb:1   | Killed a royal mummy
 97972 | Tomb:1   | Noticed a royal mummy
 97974 | Tomb:1   | Noticed a royal mummy
 97978 | Tomb:1   | Killed a royal mummy
 97979 | Tomb:1   | Killed a royal mummy
 97986 | Tomb:1   | Noticed a royal mummy
 98065 | Tomb:1   | Killed a royal mummy
 98234 | Tomb:1   | Noticed a royal mummy
 98238 | Tomb:1   | Killed a royal mummy
 98387 | Tomb:1   | Noticed a royal mummy
 98591 | Tomb:1   | Killed a royal mummy
 98740 | Tomb:1   | Noticed a royal mummy
 98745 | Tomb:1   | Killed a royal mummy
 99212 | Tomb:1   | Noticed a royal mummy
 99215 | Tomb:1   | Killed a royal mummy
 99537 | Tomb:1   | Noticed a royal mummy
 99540 | Tomb:1   | Killed a royal mummy
100053 | Tomb:1   | Noticed a royal mummy
100057 | Tomb:1   | Killed a royal mummy
100212 | Tomb:1   | Reached skill level 15 in Spellcasting
100251 | Tomb:1   | Noticed a royal mummy
100255 | Tomb:1   | Killed a royal mummy
100255 | Tomb:1   | Noticed a royal mummy
100256 | Tomb:1   | Noticed a royal mummy
100257 | Tomb:1   | Killed a royal mummy
100402 | Tomb:1   | Killed a royal mummy
101476 | Tomb:1   | Noticed a royal mummy
101490 | Tomb:1   | Killed a royal mummy
101600 | Tomb:1   | Noticed a royal mummy
101606 | Tomb:1   | Killed a royal mummy
101943 | Tomb:1   | Noticed a royal mummy
101947 | Tomb:1   | Killed a royal mummy
101952 | Tomb:1   | Noticed a royal mummy
101957 | Tomb:1   | Killed a royal mummy
102790 | Zot:3    | Learned a level 7 spell: Malign Gateway
102833 | Zot:3    | Reached skill level 1 in Translocations
104158 | Zot:3    | Reached skill level 5 in Translocations
104757 | Zot:3    | Noticed an orb of fire
104775 | Zot:3    | Killed an orb of fire
106143 | Zot:4    | Noticed an orb of fire
106158 | Zot:4    | Killed an orb of fire
109016 | Zot:5    | Entered Level 5 of the Realm of Zot
109727 | Zot:5    | Found a runed translucent gate.
109728 | Zot:5    | Found a runed translucent gate.
109729 | Zot:5    | Found a runed translucent gate.
109732 | Zot:5    | Noticed Beel's ghost (master NaVM)
109732 | Zot:5    | Identified the +0 pair of boots "Gumpaube" {Str+4}
109732 | Zot:5    | Identified the Anthology of Transition and Curses
110065 | Zot:5    | Noticed an orb of fire
110083 | Zot:5    | Gained mutation: Your body sometimes deteriorates upon
                  | taking damage. [an orb of fire]
110088 | Zot:5    | Gained mutation: You are frail. (-10% HP) [an orb of fire]
110094 | Zot:5    | Killed an orb of fire
111049 | Zot:5    | Noticed a dread lich
111170 | Zot:5    | Killed a dread lich
112237 | Zot:5    | Noticed a dread lich
112305 | Zot:5    | Killed a dread lich
112773 | Zot:5    | Noticed an orb of fire
112783 | Zot:4    | Killed Beel's ghost
113123 | Zot:5    | Noticed an ancient lich
113127 | Zot:5    | Noticed a dread lich
113139 | Zot:5    | Killed a dread lich
113140 | Zot:5    | Identified the ring "Hoysuh" {rF+ rC+}
113146 | Zot:5    | Killed an ancient lich
114009 | Zot:5    | Noticed an orb of fire
114009 | Zot:5    | Gained mutation: You do not regenerate when monsters are
                  | visible. [an orb of fire]
114464 | Zot:5    | Gained mutation: You expend magic power (3 MP) to
                  | strengthen your wands. [an orb of fire]
114464 | Zot:5    | Gained mutation: Armour fits poorly on your strangely
                  | shaped body. [an orb of fire]
114470 | Zot:5    | Killed an orb of fire
114472 | Zot:5    | Killed an orb of fire
114683 | Zot:4    | Lost mutation: You are frail. (-10% HP) [potion of
                  | mutation]
114683 | Zot:4    | Lost mutation: Armour fits poorly on your strangely shaped
                  | body. [potion of mutation]
114683 | Zot:4    | Lost mutation: Your body sometimes deteriorates upon taking
                  | damage. [potion of mutation]
114683 | Zot:4    | Gained mutation: You are clumsy. (Dex -2) [potion of
                  | mutation]
114683 | Zot:4    | Gained mutation: You are occasionally teleported next to
                  | monsters. [potion of mutation]
114684 | Zot:4    | Lost mutation: You expend magic power (3 MP) to strengthen
                  | your wands. [potion of mutation]
114684 | Zot:4    | Lost mutation: You are occasionally teleported next to
                  | monsters. [potion of mutation]
114685 | Zot:4    | Lost mutation: You are clumsy. (Dex -2) [potion of
                  | mutation]
114685 | Zot:4    | Lost mutation: You do not regenerate when monsters are
                  | visible. [potion of mutation]
114685 | Zot:4    | Gained mutation: You are somewhat resistant to further
                  | mutation. [potion of mutation]
114974 | Zot:5    | Noticed an ancient lich
114988 | Zot:5    | Killed an ancient lich
116842 | Zot:5    | Got the Orb of Zot
117298 | D:$      | Escaped with the Orb!

Illustrated notes

Levels and vault maps discovered:
D:1:      dpeg_arrival_long_road, layout_loops_ring,
          hellmonk_ecumenical_altar_inner_sanctum
D:2:      layout_basic
D:3:      layout_basic, gammafunk_temple_overflow_forgotten
D:4:      layout_loops_ring, minmay_diced_spiral
D:5:      layout_basic, enter_ossuary_5, minmay_misc_feat_enclosed,
          lexackson_kobold_supper, uniq_grinder
D:6:      layout_loops_ring, minmay_temple_entry_stoned_glass
D:7:      layout_rooms, minivault_22
D:8:      cheibrodos_fzero, layout_rooms, kiku_gazebo_garden_becter, uniq_erica
D:9:      layout_basic, due_lair_maze_entry_diamond, erik_orc_2
D:10:     layout_basic, nicolae_trove_entry_free_sample, uniq_maurice
D:11:     minmay_the_grid_octo_triangle [minmay_the_grid_octo_empty,
          minmay_the_grid_octo_prize_single_spiral, minmay_the_grid_octo_chip],
          layout_rooms, uniq_sonja
D:12:     layout_basic, lemuel_flame_loot_1
D:13:     layout_stronghold, nicolae_transporter_circle
D:14:     minmay_octo_star, layout_irregular_city, ximxim_vaults_locker_room,
          serial_shops, shop, serial_bayou_pond_e, slow_altar_1
D:15:     grunt_enter_depths_hoard, layout_cave_pods, chequers_mini_garden,
          minivault_14, uniq_agnes
Temple:   regret_index_temple_mists
Lair:1:   layout_gridlike, lemuel_fruit_tree, serial_bayou_shore_b
Lair:2:   layout_roguey, elwin_shoals_entry_rooms
Lair:3:   layout_gridlike, spider_nest_entry_rubble, serial_bayou_shore_b,
          uniq_urug
Lair:4:   layout_layer_cave
Lair:5:   hangedman_lair_tendril_chambers, layout_long_grid,
          minmay_slime_entry_oklob_enclosed, minivault_23,
          small_statue_intersection, bobbens_ice_dragon_lair
Shoals:1: layout_shoals
Shoals:2: layout_shoals, portal_ice_cave_entry_frozen_things
Shoals:3: layout_shoals, serial_shops, shop_fountains,
          nicolae_shoals_seven_spires, uniq_louise, uniq_polyphemus, uniq_ilsuiw
Shoals:4: shoals_end_hellmonk_lost_city, uniq_aizul
Spider:1: layout_chambers
Spider:2: layout_spider_delve, hangedman_spider_tarantella_strand
Spider:3: nicolae_spider_jumping_over_cracks [nicolae_spider_jumping_sub_divot,
          nicolae_spider_jumping_sub_pools, nicolae_spider_jumping_sub_moat,
          nicolae_spider_jumping_sub_pools], nicolae_spider_scorpion_nest,
          uniq_bai_suzhen
Spider:4: grunt_spider_rune_circles, uniq_asterion
Slime:1:  layout_caves
Slime:2:  layout_caves
Slime:3:  layout_caves
Slime:4:  layout_caves
Slime:5
Orc:1:    layout_caves
Orc:2:    st_orc_ogre_mass, layout_diamond_mine, gauntlet_entry_generic
Elf:1:    minmay_shoctagon, layout_geoelf_octagon, minmay_elf_necromancy,
          corexii_hall_statues_deadend, drop_trap, uniq_nikola
Elf:2:    elven_hall_of_blades_hangedman_original
          [nicolae_blade_entry_floor_patterns], layout_geoelf_grid,
          serial_shops, nicolae_shop_hallway_plus, nicolae_shop_crystal, shop,
          nicolae_elf_archery_training, uniq_roxanne
Elf:3:    nooodl_elf_gasket, layout_loops_ring, serial_shops, shop,
          dk_noncrumbling_2, drop_trap
Vaults:1: ontoclasm_vaults_ring_large, gammafunk_the_bubble
          [the_bubble_gammafunk_plus_minus], nicolae_vaults_little_squares_1,
          ontoclasm_vaults_pinch, nicolae_vaults_ninety_degrees, v_pattern_4,
          layout_vaults_chaotic_city
Vaults:2: grunt_vaults_hallway_short, v_misc_3, grunt_vaults_diagonal,
          v_rooms_6, hangedman_vaults_nodes, hangedman_vaults_restitches,
          nicolae_vaults_network_square, v_misc_32,
          ontoclasm_vaults_loading_screen, nicolae_vaults_theta,
          layout_vaults_omnicross, serial_shops, bzr_entry_islet
Vaults:3: hangedman_vaults_variations, v_rooms_3, hangedman_vaults_unwind,
          v_misc_25, ontoclasm_vaults_ligature,
          nicolae_vaults_mini_display_case, minmay_crypt_entry_simple_corners,
          nicolae_vaults_network_barrier, ontoclasm_vaults_hangar,
          layout_vaults_omnigrid
Vaults:4: nicolae_vaults_what_the_h, grunt_vaults_bifocal,
          hangedman_vaults_stream, ontoclasm_vaults_twist,
          hangedman_vaults_nails, grunt_vaults_swirl, hangedman_vaults_pinch,
          vaults_room_fancy_cross, hangedman_vaults_stretched_pinwheel,
          v_misc_16, nicolae_vaults_yaktaur_gun_rack, vaults_room_door_ring,
          st_octagons_2, layout_vaults_omnibox, serial_shops, shop
Vaults:5: serial_shops
Crypt:1:  gammafunk_crypt_yreds_forest, layout_misc_corridors, basic_altar,
          uniq_margery
Crypt:2:  layout_catacombs, nzn_life_drinkers, uniq_mennas
Crypt:3:  due_elkab, layout_chaotic_city
Tomb:1
Depths:1: layout_cave_pools, enter_ziggurat_c, serial_column_ruins,
          column_ruins_portal_island, column_ruins_columns_plus,
          column_ruins_columns_corner, column_ruins_open_tiny,
          column_ruins_corridor_straight, column_ruins_corridor_straight,
          nzn_hepliaklqana_mist_gate, pf_hell_entry_tar_spiral, serial_shops,
          kennysheep_mini, nicolae_shop_hallway_stairs, kennysheep_mini_moat,
          shop_fountains, grunt_pan_entry_zigzag,
          nicolae_qazlal_general_emergency
Depths:2: cheibrodos_poisonous_passages, layout_cave_pools, hellmouth_1,
          rand_demon_pan_entry_3, nicolae_lava_and_water, nicolae_shop_clearance
Depths:3: evilmike_diamond_2, layout_gridlike, abyss_entry_flame_altar,
          hellmouth_2, serial_sigils, serial_sigils_hangedman_scar,
          serial_sigils_hangedman_gnaw, serial_sigils_hangedman_stare,
          serial_sigils_hangedman_quiver, serial_sigils_hangedman_shear,
          zin_statuary
Depths:4: grunt_zot_entry_gee_three, layout_honeycomb, minmay_stone_trees_small,
          pan_entry, hell_entry
Zot:1:    layout_misc_corridors, zot_minivault_4, uniq_josephina
Zot:2:    layout_gridville, grunt_megastairs_1
Zot:3:    hangedman_snap_crack_crunch, layout_cathedral_of_symmetry,
          grunt_ministairs_8, st_stairs_14, hangedman_player_shredder
Zot:4:    kennysheep_spiral_hall, layout_onion
Zot:5:    layout_cathedral_of_symmetry, gammafunk_ghost_ooze

Skill      XL: |  1  2  3  4  5  6  7  8  9 10 11 12 13 14 15 16 17 18 19 20 21 22 23 24 25 26 27 |
---------------+----------------------------------------------------------------------------------+-----
Summonings     | 4 5 6 8 12 13 14 15 16 19 | 19.3
Fighting       | 1 2 3 4 5 7 8 9 11 12 13 14 15 18 20 21 | 21.0
Spellcasting   | 3 4 5 6 7 8 10 17 | 17.7
Air Magic      | 1 2 3 4 |  4.0
Hexes          | 2 |  2.0
Dodging        | 3 6 7 8 9 10 12 14 15 16 17 19 | 19.4
Maces & Flails | 1 6 7 8 9 |  9.3
Conjurations   | 1 9 10 11 12 | 12.7
Earth Magic    | 1 5 6 7 9 11 16 22 24 | 24.0
Shields        | 8 14 15 | 15.0
Necromancy     | 4 7 8 9 10 | 10.1
Armour         | 7 11 13 15 16 | 16.7
Translocations | 6 |  6.1
Stealth        | |  2.1

Action                   |  1- 3 |  4- 6 |  7- 9 | 10-12 | 13-15 | 16-18 | 19-21 | 22-24 | 25-27 || total
-------------------------+-------+-------+-------+-------+-------+-------+-------+-------+-------++-------
Melee: Unarmed           |    20 |       |       |       |       |       |       |       |       ||    20
       Mace              |    17 |     5 |       |       |       |       |       |       |       ||    22
       Whip              |       |    33 |   155 |   237 |   760 |       |       |       |       ||  1185
       Punch             |       |     1 |     1 |     5 |       |       |       |       |       ||     7
       Demon whip        |       |       |       |       |   197 |   267 |   492 |  1600 |  1265 ||  3821
 Cast: Summon Small Mamm |    28 |    31 |     3 |       |       |       |       |       |       ||    62
       Call Imp          |    14 |    26 |    22 |     3 |       |       |       |       |       ||    65
       Call Canine Famil |       |     7 |    49 |    36 |    47 |     2 |       |       |       ||   141
       Summon Lightning  |       |       |    14 |    79 |   163 |   107 |     9 |       |       ||   372
       Summon Guardian G |       |       |     3 |    12 |    25 |       |       |       |       ||    40
       Spellforged Servi |       |       |       |       |    10 |    98 |   149 |   138 |   116 ||   511
       Iron Shot         |       |       |       |       |       |    26 |    10 |    13 |   199 ||   248
       Borgnjor's Vile C |       |       |       |       |       |    28 |    29 |    61 |    37 ||   155
       Monstrous Menager |       |       |       |       |       |       |   166 |    23 |       ||   189
       Lee's Rapid Decon |       |       |       |       |       |       |    15 |    45 |    11 ||    71
       Death Channel     |       |       |       |       |       |       |       |    29 |    31 ||    60
       Shatter           |       |       |       |       |       |       |       |       |   441 ||   441
       Malign Gateway    |       |       |       |       |       |       |       |       |    24 ||    24
Invok: Curse Item        |       |       |     1 |     4 |     7 |     2 |       |     2 |     3 ||    19
       Shatter the Chain |       |       |       |       |     4 |       |       |     3 |     2 ||     9
Evoke: Wand              |       |       |       |       |     2 |       |       |     1 |     2 ||     5
  Use: Scroll            |       |     8 |     9 |     1 |     8 |     9 |     4 |    10 |    17 ||    66
       Potion            |       |     1 |     1 |     4 |     6 |     1 |       |     8 |    11 ||    32
 Stab: Distracted        |     1 |       |     6 |     3 |    13 |    10 |     1 |    21 |    23 ||    78
       Sleeping          |       |       |       |       |     1 |       |     2 |       |     1 ||     4
       Petrified         |       |       |       |       |       |       |     6 |       |       ||     6
Armor: Robe              |    29 |    25 |    55 |   118 |   222 |   136 |   148 |   267 |       ||  1000
       Steam dragon scal |       |       |    34 |     8 |       |       |       |       |       ||    42
       Acid dragon scale |       |       |       |       |       |       |       |   184 |   746 ||   930
Dodge: Dodged            |    51 |    26 |   112 |   194 |   278 |   168 |   200 |   477 |   857 ||  2363
       Repelled          |     1 |     1 |     1 |       |       |       |       |       |       ||     3
Block: Kite shield       |       |       |       |       |   605 |   344 |   426 |   981 |  1265 ||  3621
       Reflection        |       |       |       |       |    34 |    20 |   108 |    33 |    25 ||   220

Table legend: (Time is in decaauts)
 A = Elapsed time spent in this place.
 B = Non-inter-level travel time spent in this place.
 C = Inter-level travel time spent in this place.
 D = Time resting spent in this place.
 E = Time spent auto-exploring this place.
 F = Levels seen in this place.
 G = Mean time per level.
                   A        B        C        D        E       F      G
               +--------+--------+--------+--------+--------+-----+--------+
         Total | 115902 | 108116 |   7786 |  46183 |  44404 |  62 | 1869.4 |
       Dungeon |  25778 |  23027 |   2751 |   8970 |  10128 |  15 | 1718.5 |
        Temple |    247 |    184 |     63 |      0 |    161 |   1 |  247.0 |
          Lair |  10387 |   9373 |   1014 |   3317 |   4826 |   5 | 2077.4 |
        Shoals |   6748 |   6576 |    172 |   1966 |   3538 |   4 | 1687.0 |
   Spider Nest |   9481 |   9166 |    315 |   4619 |   3549 |   4 | 2370.2 |
    Slime Pits |   2223 |   2117 |    106 |   1617 |     54 |   5 |  444.6 |
  Orcish Mines |   1913 |   1680 |    233 |    245 |    940 |   2 |  956.5 |
   Elven Halls |   3849 |   3655 |    194 |    870 |   2040 |   3 | 1283.0 |
        Vaults |  12219 |  11218 |   1001 |   1997 |   6920 |   5 | 2443.8 |
         Crypt |   7905 |   7393 |    512 |   2550 |   3582 |   3 | 2635.0 |
          Tomb |   3586 |   3523 |     63 |   2327 |    680 |   1 | 3586.0 |
        Depths |   8638 |   7947 |    691 |   2232 |   4158 |   4 | 2159.5 |
           Zot |  19016 |  18351 |    665 |  13474 |   2965 |   5 | 3803.2 |
        Bazaar |     80 |     80 |      0 |      0 |     67 |   1 |   80.0 |
         Trove |     95 |     95 |      0 |      0 |     77 |   1 |   95.0 |
       Ossuary |   1100 |   1100 |      0 |    501 |    147 |   1 | 1100.0 |
      Ice Cave |   1229 |   1229 |      0 |    880 |    201 |   1 | 1229.0 |
      Gauntlet |   1400 |   1400 |      0 |    616 |    370 |   1 | 1400.0 |
               +--------+--------+--------+--------+--------+-----+--------+

Top non-repeatable levels by time:
   Zot:4: 4925 daAuts
 Crypt:3: 4680 daAuts
   Zot:5: 4574 daAuts
   Zot:3: 4308 daAuts
     D:9: 3730 daAuts
  Tomb:1: 3586 daAuts
  Lair:4: 3531 daAuts
   Zot:2: 3257 daAuts
Vaults:4: 3244 daAuts
Depths:4: 3239 daAuts
Spider:2: 2746 daAuts
Depths:3: 2590 daAuts
Vaults:2: 2559 daAuts
    D:14: 2407 daAuts
    D:12: 2399 daAuts
